PA
PHOENIX HOTSPUR U-21 @ HAMMOND HERONS
07/12/2022
 
TOP OF THE 1ST
Phoenix Hotspur U-21 batting - Pitching for Hammond Herons : RHP David Gómez
Pitching: RHP David Gómez
Batting: LHB Ricardo Peña 0-0: Ball
1-0: Called Strike
1-1: Foul Ball, location: 2F
1-2: Ball
2-2: TRIPLE (Flyball, 8RM)
Batting: RHB Shohei Kiyomizu 0-0: Called Strike
0-1: Foul Ball, location: 2F
0-2: Ball
1-2: Ball
2-2: Ball
3-2: Base on Balls
Batting: LHB Shojiro Ueda 0-0: Ball
1-0: Fly out, F2 (Popup, 2RF)
Batting: RHB Marc Meertens 0-0: Fly out, F8 (Flyball, 8RM)
Runner from 3rd tags up, SCORES, no throw
Batting: RHB Alex Niemann 0-0: Called Strike
0-1: Foul Ball, location: 2F
0-2: Fielders Choice at 2nd, 5-4 (Groundball, 56)
Top of the 1st over - 1 run(s), 1 hit(s), 0 error(s), 0 left on base; Phoenix 1 - Hammond 0
BOTTOM OF THE 1ST
Hammond Herons batting - Pitching for Phoenix Hotspur U-21 : RHP George Kuhn
Pitching: RHP George Kuhn
Batting: LHB Juan Villanueva 0-0: Called Strike
0-1: Swinging Strike
0-2: Strikes out swinging
Batting: RHB Sancho Romero 0-0: Called Strike
0-1: Foul Ball, location: 2F
0-2: Strikes out swinging
Batting: RHB Edward Payne 0-0: Ball
1-0: Called Strike
1-1: Ball
2-1: Foul Ball, location: 2F
2-2: Strikes out swinging
Bottom of the 1st over - 0 run(s), 0 hit(s), 0 error(s), 0 left on base; Phoenix 1 - Hammond 0
TOP OF THE 2ND
Phoenix Hotspur U-21 batting - Pitching for Hammond Herons : RHP David Gómez
Batting: LHB Rafael Sánchez 0-0: Ball
1-0: Called Strike
1-1: Ball
2-1: Ball
3-1: SINGLE (Groundball, 4MD) (infield hit)
Batting: RHB Pepe Reyes 0-0: Called Strike
0-1: Ball
1-1: Ball
2-1: Called Strike
2-2: Fly out, F9 (Line Drive, 89S)
Batting: RHB Edolf Middehof 0-0: Ball
1-0: Ball
2-0: Ground out 5-3 (Groundball, 56S)
Rafael Sánchez to second
Batting: RHB Carl Tucker 0-0: SINGLE (Groundball, 56D)
Rafael Sánchez to third
Runner from 3rd tries for Home, SAFE, no throw or cutoff
Batting: LHB Ricardo Peña 0-0: Ball
1-0: Foul Ball, location: 2F
1-1: Ball
2-1: Ball
3-1: Called Strike
3-2: Strikes out swinging
Top of the 2nd over - 1 run(s), 2 hit(s), 0 error(s), 1 left on base; Phoenix 2 - Hammond 0
BOTTOM OF THE 2ND
Hammond Herons batting - Pitching for Phoenix Hotspur U-21 : RHP George Kuhn
Batting: RHB Scott Zijm 0-0: Ball
1-0: Fly out, F9 (Flyball, 9D)
Batting: RHB Jorge Baker 0-0: Fly out, F8 (Flyball, 8RM)
Batting: RHB Jimmy Dawson 0-0: Ball
1-0: Swinging Strike
1-1: Fly out, F7 (Line Drive, 78S)
Bottom of the 2nd over - 0 run(s), 0 hit(s), 0 error(s), 0 left on base; Phoenix 2 - Hammond 0
TOP OF THE 3RD
Phoenix Hotspur U-21 batting - Pitching for Hammond Herons : RHP David Gómez
Batting: RHB Shohei Kiyomizu 0-0: Foul Ball, location: 2F
0-1: Ball
1-1: SINGLE (Line Drive, 56)
Batting: LHB Shojiro Ueda 0-0: Ball
1-0: Called Strike
1-1: Fly out, F5 (Popup, 5F)
Batting: RHB Marc Meertens 0-0: Called Strike
0-1: Ball
1-1: Foul Ball, location: 2F
1-2: Ball
2-2: Fielders Choice at 2nd, 4-6 (Groundball, 4)
Batting: RHB Alex Niemann 0-0: Called Strike
0-1: Foul Ball, location: 2F
0-2: Ball
1-2: Ball
2-2: Strikes out swinging
Top of the 3rd over - 0 run(s), 1 hit(s), 0 error(s), 1 left on base; Phoenix 2 - Hammond 0
BOTTOM OF THE 3RD
Hammond Herons batting - Pitching for Phoenix Hotspur U-21 : RHP George Kuhn
Batting: RHB José Trombelli 0-0: Foul Ball, location: 2F
0-1: Swinging Strike
0-2: Reached on error, E5 (Groundball, 56)
Batting: RHB Brian Soto 0-0: Called Strike
0-1: Ball
1-1: Ball
2-1: Foul Ball, location: 2F
2-2: Grounds into double play, 6-4-3 (Groundball, 6)
Batting: RHB Pancho Núñez 0-0: Foul Ball, location: 2F
0-1: Ball
1-1: Ground out 6-3 (Groundball, 6MS)
Bottom of the 3rd over - 0 run(s), 0 hit(s), 1 error(s), 0 left on base; Phoenix 2 - Hammond 0
TOP OF THE 4TH
Phoenix Hotspur U-21 batting - Pitching for Hammond Herons : RHP David Gómez
Batting: LHB Rafael Sánchez 0-0: Swinging Strike
0-1: Ball
1-1: Foul Ball, location: 2F
1-2: Foul Ball, location: 2F
1-2: Ground out 6-3 (Groundball, 6M)
Batting: RHB Pepe Reyes 0-0: Called Strike
0-1: Called Strike
0-2: Foul Ball, location: 2F
0-2: Ball
1-2: Strikes out swinging
Batting: RHB Edolf Middehof 0-0: Foul Ball, location: 2F
0-1: Fly out, F3 (Popup, 3F)
Top of the 4th over - 0 run(s), 0 hit(s), 0 error(s), 0 left on base; Phoenix 2 - Hammond 0
BOTTOM OF THE 4TH
Hammond Herons batting - Pitching for Phoenix Hotspur U-21 : RHP George Kuhn
Batting: LHB Juan Villanueva 0-0: Called Strike
0-1: Ball
1-1: Ball
2-1: Called Strike
2-2: Foul Ball, location: 2F
2-2: Ball
3-2: Foul Ball, location: 2F
3-2: Base on Balls
Batting: RHB Sancho Romero 0-0: Swinging Strike
0-1: Ball
1-1: Ball
2-1: Called Strike
2-2: Grounds into double play, 6-4-3 (Groundball, 6)
Batting: RHB Edward Payne 0-0: Called Strike
0-1: Called Strike
0-2: Ball
1-2: Foul Ball, location: 2F
1-2: Foul Ball, location: 2F
1-2: Strikes out swinging
Bottom of the 4th over - 0 run(s), 0 hit(s), 0 error(s), 0 left on base; Phoenix 2 - Hammond 0
TOP OF THE 5TH
Phoenix Hotspur U-21 batting - Pitching for Hammond Herons : RHP David Gómez
Batting: RHB Carl Tucker 0-0: Foul Ball, location: 2F
0-1: Ball
1-1: Fly out, F3 (Popup, 3F)
Batting: LHB Ricardo Peña 0-0: Ground out U3 (Groundball, 3L)
Batting: RHB Shohei Kiyomizu 0-0: Called Strike
0-1: Hit by Pitch
Batting: LHB Shojiro Ueda 0-0: Foul Ball, location: 2F
0-1: Ball
Wild Pitch!
Shohei Kiyomizu to second
1-1: Ground out U3 (Groundball, 3S)
Top of the 5th over - 0 run(s), 0 hit(s), 0 error(s), 1 left on base; Phoenix 2 - Hammond 0
BOTTOM OF THE 5TH
Hammond Herons batting - Pitching for Phoenix Hotspur U-21 : RHP George Kuhn
Batting: RHB Scott Zijm 0-0: Ball
1-0: Foul Ball, location: 2F
1-1: Foul Ball, location: 2F
1-2: Fly out, F9 (Line Drive, 89S)
Batting: RHB Jorge Baker 0-0: Ground out 5-3 (Groundball, 56S)
Batting: RHB Jimmy Dawson 0-0: Called Strike
0-1: Foul Ball, location: 2F
0-2: Ball
1-2: Ball
2-2: Ball
3-2: Foul Ball, location: 2F
3-2: Foul Ball, location: 2F
3-2: Fly out, F5 (Popup, 15)
Bottom of the 5th over - 0 run(s), 0 hit(s), 0 error(s), 0 left on base; Phoenix 2 - Hammond 0
TOP OF THE 6TH
Phoenix Hotspur U-21 batting - Pitching for Hammond Herons : RHP David Gómez
Batting: RHB Marc Meertens 0-0: Ball
1-0: Called Strike
1-1: Ball
2-1: Ground out 1-3 (Groundball, 23)
Batting: RHB Alex Niemann 0-0: Swinging Strike
0-1: Called Strike
0-2: Ball
1-2: Strikes out swinging
Batting: LHB Rafael Sánchez 0-0: Swinging Strike
0-1: Ball
1-1: Fly out, F9 (Flyball, 9M)
Top of the 6th over - 0 run(s), 0 hit(s), 0 error(s), 0 left on base; Phoenix 2 - Hammond 0
BOTTOM OF THE 6TH
Hammond Herons batting - Pitching for Phoenix Hotspur U-21 : RHP George Kuhn
Batting: RHB José Trombelli 0-0: Called Strike
0-1: Ball
1-1: Called Strike
1-2: Ball
2-2: SINGLE (Line Drive, 6MD)
Batting: RHB Brian Soto 0-0: Ball
1-0: Fielders Choice at 2nd, 5-4 (Groundball, 5)
Batting: RHB Pancho Núñez 0-0: Ball
1-0: SINGLE (Groundball, 4MD)
Brian Soto to second
Runner from 2nd tries for 3rd, SAFE, no throw or cutoff
Batting: LHB Juan Villanueva 0-0: Called Strike
0-1: Swinging Strike
0-2: Ball
1-2: Foul Ball, location: 2F
1-2: Foul Ball, location: 2F
1-2: Ball
Pancho Núñez is caught stealing 2nd base
2-2: Strikes out looking
Bottom of the 6th over - 0 run(s), 2 hit(s), 0 error(s), 1 left on base; Phoenix 2 - Hammond 0
TOP OF THE 7TH
Phoenix Hotspur U-21 batting - Pitching for Hammond Herons : RHP David Gómez
Batting: RHB Pepe Reyes 0-0: Swinging Strike
0-1: Ball
1-1: Swinging Strike
1-2: Strikes out looking
Batting: RHB Edolf Middehof 0-0: Fly out, F7 (Flyball, 78M)
Batting: RHB Carl Tucker 0-0: Ball
1-0: Foul Ball, location: 2F
1-1: Ball
2-1: Ball
3-1: Ground out 6-3 (Groundball, 6)
Top of the 7th over - 0 run(s), 0 hit(s), 0 error(s), 0 left on base; Phoenix 2 - Hammond 0
BOTTOM OF THE 7TH
Hammond Herons batting - Pitching for Phoenix Hotspur U-21 : RHP George Kuhn
Batting: RHB Sancho Romero 0-0: Ball
1-0: Called Strike
1-1: SINGLE (Line Drive, 6D)
Batting: RHB Edward Payne 0-0: Called Strike
0-1: Ball
1-1: Foul Ball, location: 2F
1-2: Ball
2-2: Foul Ball, location: 2F
2-2: Strikes out swinging
Batting: RHB Scott Zijm 0-0: Called Strike
0-1: Fly out, F2 (Popup, 2L)
Batting: RHB Jorge Baker 0-0: Ball
1-0: Swinging Strike
1-1: Foul Ball, location: 2F
1-2: Fly out, F9 (Flyball, 89XD)
Bottom of the 7th over - 0 run(s), 1 hit(s), 0 error(s), 1 left on base; Phoenix 2 - Hammond 0
TOP OF THE 8TH
Phoenix Hotspur U-21 batting - Pitching for Hammond Herons : RHP David Gómez
Batting: LHB Ricardo Peña 0-0: Foul Ball, location: 2F
0-1: Ball
1-1: Ball
2-1: SINGLE (Line Drive, 3D)
Batting: RHB Shohei Kiyomizu 0-0: Swinging Strike
0-1: Bunted foul
0-2: Ball
Wild Pitch!
Ricardo Peña to second
1-2: Ball
2-2: SINGLE (Line Drive, 8RS)
Ricardo Peña to third
Runner from 3rd tries for Home, SAFE, no throw or cutoff
Batting: LHB Shojiro Ueda 0-0: Ball
1-0: Called Strike
1-1: Foul Ball, location: 2F
1-2: Fly out, F8 (Flyball, 8RM)
Pitching: RHP Bill Beauregard
Batting: RHB Marc Meertens 0-0: Fly out, F4 (Popup, 34D)
Batting: RHB Alex Niemann 0-0: Ball
1-0: Ball
Shohei Kiyomizu is caught stealing 2nd base
Top of the 8th over - 1 run(s), 2 hit(s), 0 error(s), 0 left on base; Phoenix 3 - Hammond 0
BOTTOM OF THE 8TH
Hammond Herons batting - Pitching for Phoenix Hotspur U-21 : RHP George Kuhn
Batting: RHB Jimmy Dawson 0-0: Ball
1-0: Called Strike
1-1: Ball
2-1: Ball
3-1: Swinging Strike
3-2: Fly out, F3 (Popup, 3SF)
Batting: RHB José Trombelli 0-0: Ball
1-0: Ground out 6-3 (Groundball, 6)
Batting: RHB Brian Soto 0-0: Swinging Strike
0-1: Foul Ball, location: 2F
0-2: Foul Ball, location: 2F
0-2: Ground out 6-3 (Groundball, 6)
Bottom of the 8th over - 0 run(s), 0 hit(s), 0 error(s), 0 left on base; Phoenix 3 - Hammond 0
TOP OF THE 9TH
Phoenix Hotspur U-21 batting - Pitching for Hammond Herons : RHP Bill Beauregard
Batting: RHB Alex Niemann 0-0: Foul Ball, location: 2F
0-1: SINGLE (Line Drive, 9S)
Batting: LHB Rafael Sánchez Reached via error on a dropped throw, E3
Alex Niemann to second
Batting: RHB Pepe Reyes 0-0: Sac Bunt - play at first, batter OUT! 1-3
Alex Niemann to third
Rafael Sánchez to second
Batting: RHB Edolf Middehof 0-0: Ball
Wild Pitch!
Alex Niemann scores
Rafael Sánchez to third
1-0: Foul Ball, location: 2F
1-1: SINGLE (Groundball, 56D)
Rafael Sánchez scores
Batting: RHB Carl Tucker 0-0: Fly out, F6 (Line Drive, 6M)
Batting: LHB Ricardo Peña 0-0: Ball
1-0: Called Strike
1-1: Ball
2-1: Foul Ball, location: 2F
2-2: Foul Ball, location: 2F
2-2: Ball
3-2: Strikes out swinging
Top of the 9th over - 2 run(s), 2 hit(s), 1 error(s), 1 left on base; Phoenix 5 - Hammond 0
BOTTOM OF THE 9TH
Hammond Herons batting - Pitching for Phoenix Hotspur U-21 : RHP George Kuhn
Now at C: José Reyes
Now at SS: José González
Batting: RHB Pancho Núñez 0-0: Foul Ball, location: 2F
0-1: Ball
1-1: Ball
2-1: Ground out 6-3 (Groundball, 6)
Batting: LHB Juan Villanueva 0-0: Called Strike
0-1: Ball
1-1: Foul Ball, location: 2F
1-2: Ground out 5-3 (Groundball, 56)
Batting: RHB Sancho Romero 0-0: Ball
1-0: Swinging Strike
1-1: Swinging Strike
1-2: Strikes out looking
Bottom of the 9th over - 0 run(s), 0 hit(s), 0 error(s), 0 left on base; Phoenix 5 - Hammond 0
This league is powered by Out of the Park Baseball, the baseball management simulation game for PC, Mac and Linux
Friday, April 15th, 2016 - OOTP Baseball 16.9 Build 39